 Dungeon Crawl Stone Soup version 0.30.0-10-gfe55d96785 (webtiles) character file.

Game seed: 12244500244328662314

2459 NBAGuy the Cleaver (level 9, -4/75 HPs)
             Began as a Minotaur Fighter on May 15, 2023.
             Was a Believer of Wu Jian.
             Slain by a komodo dragon (27 damage)
             ... on level 1 of the Lair of Beasts.
             The game lasted 00:09:06 (2592 turns).

NBAGuy the Cleaver (Minotaur Fighter)               Turns: 2592, Time: 00:09:07

Health: -4/75      AC: 12    Str: 22    XL:     9   Next: 26%
Magic:  8/8        EV: 11    Int:  7    God:    Wu Jian [**....]
Gold:   174        SH:  5    Dex: 11    Spells: 8/8 levels left

rFire   . . .        a - +1 war axe (chaos)
rCold   . . .        c - +0 buckler
rNeg    + . .        b - +0 scale mail
rPois   .            (helmet restricted)
rElec   .            (no cloak)
rCorr   .            (no gloves)
SInv    .            (no boots)
Will    .....        (no amulet)
Stlth   +            l - ring of positive energy
HPRegen 0.32/turn    f - +4 ring of protection
MPRegen 0.11/turn

%: no passive effects
@: no status effects
A: horns 2, retaliatory headbutt
a: Renounce Religion, Wall Jump


You were on level 1 of the Lair of Beasts.
You worshipped Wu Jian.
Wu Jian was pleased with you.
You visited 2 branches of the dungeon, and saw 9 of its levels.

You collected 322 gold pieces.
You spent 148 gold pieces at shops.

Inventory:

Hand Weapons
 a - a +1 war axe of chaos (weapon)
Armour
 b - a +0 scale mail (worn)
 c - a +0 buckler (worn)
Jewellery
 f - a +4 ring of protection (right hand)
 l - a ring of positive energy (left hand)
Wands
 g - a wand of acid (2)
Scrolls
 d - a scroll of summoning {unknown}
 h - 3 scrolls of teleportation {unknown}
 o - a scroll of silence
 p - a scroll of noise {unknown}
 r - a scroll of vulnerability {unknown}
Potions
 e - 2 potions of heal wounds {unknown}
 i - 2 potions of curing {unknown}
 m - 2 potions of haste {unknown}
 q - 2 potions of magic {unknown}


   Skills:
 * Level 6.1 Fighting
 * Level 8.3 Axes
 * Level 3.0 Throwing
 * Level 7.4 Armour
 * Level 3.7 Dodging
 * Level 3.2 Stealth
 * Level 5.7 Shields
 * Level 2.9 Evocations


You had 8 spell levels left.
You didn't know any spells.
Your spell library contained the following spells:

 Spells                   Type           Power      Damage    Failure   Level
 Slow                     Hex            0%         N/A       78%         1
 Confusing Touch          Hex            0%         N/A       98%         3
 Vampiric Draining        Necr           0%         2d6       98%         3


Dungeon Overview and Level Annotations

Branches:
Dungeon (8/15)               Lair (1/5) D:8
 Temple: D:4-7

Altars:
Trog
Vehumet
Wu Jian

Shops:
D:5 [   D:6 =   D:7 =?


Innate Abilities, Weirdness & Mutations

You have a pair of horns on your head.
You reflexively headbutt those who attack you in melee.


Message History

You spin and attack the bullfrog.
You slash the bullfrog! You freeze the bullfrog.
You kill the bullfrog!
The Council accepts your kill.
You closely miss the komodo dragon.
The komodo dragon is lightly wounded.
The komodo dragon bites you!! You block the komodo dragon's attack.
You hit the komodo dragon. Your headbutt misses the komodo dragon.
The komodo dragon is lightly wounded.
The komodo dragon closely misses you.
You barely miss the komodo dragon.
The komodo dragon is moderately wounded.
The komodo dragon bites you but does no damage.
You barely miss the komodo dragon. You headbutt the komodo dragon!
The komodo dragon is heavily wounded.
The komodo dragon closely misses you.
You barely miss the komodo dragon. Your headbutt misses the komodo dragon.
The komodo dragon is heavily wounded.
You block the komodo dragon's attack.
You hit the komodo dragon but do no damage.
Your headbutt misses the komodo dragon.
The komodo dragon is heavily wounded.
You block the komodo dragon's attack.
You closely miss the komodo dragon.
The komodo dragon is heavily wounded.
The komodo dragon misses you.
You slash the komodo dragon! Your headbutt misses the komodo dragon.
The komodo dragon is almost dead.
The komodo dragon barely misses you.
You closely miss the komodo dragon.
The komodo dragon is almost dead.
The komodo dragon barely misses you.
You hit the komodo dragon.
The komodo dragon is almost dead.
You block the komodo dragon's attack. The komodo dragon bites you!
You closely miss the komodo dragon.
You headbutt the komodo dragon, but do no damage.
The komodo dragon is almost dead.
The komodo dragon bites you!!
You die...

#..................>#
#.......††.........##
#...................P#
#................[..##
#..................## #
#...................#P#
................#...#
.............l...####
.............@.#.#
.............#.#
...........#.#.
(..........#####
.?........#.
##..........#
#.........## ......#


You could see a komodo dragon (very poisoned).

Vanquished Creatures
  A cyclops (D:8)
  An elephant (D:8)
  A wyvern (D:8)
  A basilisk (Lair:1)
  2 water moccasins (D:7)
  A sky beast (D:8)
  An ice beast (D:6)
  2 black bears (D:8)
  An ogre (D:5)
  2 centaurs
  4 bullfrogs
  A scorpion (D:5)
  3 jellies
  3 hounds
  A sleepcap (D:7)
  A gnoll bouda (D:6)
  An iguana (D:7)
  3 gnolls (D:6)
  4 adders
  A shadow imp (D:8)
  2 orcs
  3 ball pythons
  7 endoplasms
  A goblin (D:1)
  4 hobgoblins
  4 jackals
  9 kobolds
  A quokka (D:3)
  3 bats
  A frilled lizard (D:2)
  A rat (D:1)
71 creatures vanquished.

Notes
Turn   | Place    | Note
-------+----------+-------------------------------------------
     0 | D:1      | NBAGuy the Minotaur Fighter began the quest for the Orb.
     0 | D:1      | Reached XP level 1. HP: 19/19 MP: 0/0
    10 | D:1      | Found a faded altar of an unknown god.
    66 | D:1      | Prayed at the altar of an unknown god.
    66 | D:1      | Became a worshipper of the Wu Jian Council
    66 | D:1      | Reached * piety under Wu Jian
   272 | D:1      | Reached XP level 2. HP: 25/27 MP: 1/1
   448 | D:2      | Reached skill level 3 in Axes
   448 | D:2      | Reached XP level 3. HP: 8/33 MP: 2/2
   474 | D:2      | Reached ** piety under Wu Jian
   660 | D:3      | Reached XP level 4. HP: 40/40 MP: 3/3
   940 | D:4      | Found a radiant altar of Vehumet.
  1040 | D:4      | Noticed a centaur
  1047 | D:4      | Killed a centaur
  1048 | D:4      | Reached skill level 4 in Axes
  1048 | D:4      | Reached skill level 1 in Dodging
  1048 | D:4      | Reached skill level 1 in Stealth
  1048 | D:4      | Reached XP level 5. HP: 7/46 MP: 4/4
  1243 | D:5      | Entered Level 5 of the Dungeon
  1269 | D:5      | Found Joshrufinn's Armour Emporium.
  1296 | D:5      | Noticed an ogre
  1301 | D:5      | Killed an ogre
  1302 | D:5      | Reached skill level 1 in Throwing
  1302 | D:5      | Reached XP level 6. HP: 48/53 MP: 5/5
  1386 | D:5      | Reached skill level 1 in Evocations
  1390 | D:5      | Reached skill level 5 in Axes
  1390 | D:5      | Reached skill level 5 in Armour
  1517 | D:6      | Found Erycw's Jewellery Shoppe.
  1543 | D:6      | Noticed an ice beast
  1549 | D:6      | Killed an ice beast
  1550 | D:6      | Reached XP level 7. HP: 60/60 MP: 6/6
  1623 | D:7      | Found Tyuvefai's Jewellery Boutique.
  1784 | D:7      | Reached skill level 5 in Fighting
  1784 | D:7      | Reached skill level 6 in Axes
  1956 | D:7      | Found Xockem's Magic Scroll Emporium.
  1968 | D:7      | Bought a scroll of identify for 22 gold pieces
  1968 | D:7      | Bought a scroll of identify for 22 gold pieces
  1968 | D:7      | Bought a scroll of brand weapon for 104 gold pieces
  1986 | D:7      | Found a bloodstained altar of Trog.
  2034 | D:7      | Reached skill level 5 in Shields
  2034 | D:7      | Reached XP level 8. HP: 59/68 MP: 7/7
  2201 | D:8      | Noticed an elephant
  2202 | D:8      | Noticed a cyclops
  2203 | D:8      | Found a staircase to the Lair.
  2211 | D:8      | Reached skill level 7 in Axes
  2213 | D:8      | Killed an elephant
  2219 | D:8      | Killed a cyclops
  2220 | D:8      | Reached skill level 8 in Axes
  2220 | D:8      | Reached XP level 9. HP: 27/75 MP: 8/8
  2422 | Lair:1   | Entered Level 1 of the Lair of Beasts
  2571 | Lair:1   | Noticed a komodo dragon
  2592 | Lair:1   | Slain by a komodo dragon

Illustrated notes

Levels and vault maps discovered:
D:1:      lemuel_arrival_behind_the_door_large, layout_loops_ring,
          dreamdust_ecumenical_altar_statues, amcnicky_mini_rare_corridor_liquid
D:2:      cheibrodos_fertilizer, layout_basic, solitary_fountain
D:3:      layout_basic, serial_shops, shop, minmay_misc_feat_four_crosses
D:4:      layout_basic, nicolae_vehumet_altar_sigil, uniq_robin
D:5:      layout_loops_ring, minitemple, minmay_temple_entry_statues_pillars,
          serial_shops, shop
D:6:      layout_basic, minmay_crystal_water, minmay_shop_enchanted_jewellery,
          uniq_maggie, uniq_eustachio
D:7:      layout_loops_corners, overflow_temple_1_default,
          lightli_temple_of_fire, serial_shops, nicolae_shop_getting_attention,
          nicolae_shop_crystal, shop, nicolae_shop_back_alley_shop,
          nicolae_shop_advertising_works [nicolae_subvault_shop_adworks],
          minmay_the_grid_2x2 [minmay_the_grid_tiny_cups, minmay_the_grid_mess,
          minmay_the_grid_empty, minmay_the_grid_prize_inner_circle]
D:8:      layout_gridville, general_overflow_altar, david_lair_generic,
          uniq_psyche
Lair:1:   layout_layer_cave, infiniplex_staircase_pool_2, serial_bayou_shore_b

Skill      XL: |  1  2  3  4  5  6  7  8  9 |
---------------+----------------------------+-----
Armour         | 4 5 6 7 |  7.4
Fighting       | 4 5 6 |  6.1
Axes           | 3 4 5 6 8 |  8.3
Shields        | 4 5 |  5.7
Dodging        | 1 2 3 |  3.7
Stealth        | 1 2 3 |  3.2
Throwing       | 1 2 3 |  3.0
Evocations     | 1 2 |  2.9

Action                     |  1- 3 |  4- 6 |  7- 9 || total
---------------------------+-------+-------+-------++-------
  Melee: War axe           |    54 |    33 |    81 ||   168
         Headbutt          |     9 |     3 |    13 ||    25
  Throw: Boomerang         |       |     9 |     9 ||    18
Ability: Whirlwind         |     7 |     5 |     9 ||    21
         Lunge             |     3 |     2 |     3 ||     8
         Wall Jump         |       |     2 |       ||     2
  Evoke: Wand              |       |     9 |     1 ||    10
    Use: Scroll            |       |       |     8 ||     8
         Potion            |       |       |     1 ||     1
 Armour: Scale mail        |    23 |    11 |    44 ||    78
  Dodge: Dodged            |    21 |    19 |    41 ||    81
  Block: Buckler           |    10 |    10 |    26 ||    46
